 Dungeon Crawl Stone Soup version 0.19.1-1-g22dce08 (webtiles) character file.

296887 theAP the Peltast (level 20, -7/97 HPs)
             Began as a Gargoyle Berserker on Jan 1, 2017.
             Was the Champion of Trog.
             Killed from afar by a blizzard demon (15 damage)
             ... with a bolt of lightning
             ... on level 3 of the Abyss on Jan 2, 2017.
             The game lasted 04:34:13 (39161 turns).

theAP the Peltast (Gargoyle Berserker)             Turns: 39161, Time: 04:34:14

Health: -7/97      AC: 50    Str: 31      XL:     20   Next: 46%
Magic:  21/21      EV: 16    Int:  6 (7)  God:    Trog [******]
Gold:   2180       SH: 25    Dex: 21      Spells: 0 memorised, 19 levels left

rFire  + + .     SeeInvis +     o - +12 demon whip "Ysovyith" {venom, rF+ Int+3}
rCold  + + +     Gourm    .     e - +9 crystal plate armour
rNeg   + + .     Faith    .     M - +0 large shield
rPois  ∞         Spirit   .     k - +1 hat {SInv}
rElec  +         Reflect  .     I - +1 cloak {MR+}
rCorr  .         Harm     +     P - +0 pair of gloves of Xeqe {rF+ Dex+8}
MR     ++++.     Clarity  +     G - +0 pair of boots
Stlth  ..........               d - amulet "Kesky" {Harm *Drain rElec rF- rC+++ Str+2}
                                a - ring of the Hundredfold Songs {rN+ Str+2 Int-2 Dex+5 Slay+5}
                                B - +4 ring of evasion

@: about to teleport, flying, very slightly contaminated, regenerating, studying
Spellcasting
A: big wings, yellow scales 1, see invisible, clarity, clumsy 1, deformed body,
dopey 1, fire resistance 1, frail 3, mutation resistance 2, negative energy
resistance 1, screaming 2, electricity resistance, weak 1, unbreathing,
petrification resistance, no device heal 1, rot immunity, subdued magic 2,
MP-powered wands, AC +15
a: Stop Flying, Berserk, Trog's Hand, Brothers in Arms, Burn Spellbooks,
Renounce Religion
}: 3/15 runes: serpentine, barnacled, abyssal


You were on level 3 of the Abyss.
You worshipped Trog.
Trog was exalted by your worship.
You were very hungry.

You visited 7 branches of the dungeon, and saw 35 of its levels.
You visited the Abyss 1 time.
You visited 1 bazaar.
You also visited: Labyrinth, Sewer and Ossuary.

You collected 4160 gold pieces.
You spent 1980 gold pieces at shops.

Inventory:

Hand Weapons
 b - a +2 eveningstar of holy wrath
 o - the +12 demon whip "Ysovyith" (weapon) {venom, rF+ Int+3}
   (Trog gifted it to you on level 13 of the Dungeon)

   It poisons the flesh of those it strikes.
   It affects your intelligence (+3).
   It protects you from fire.
 z - a +9 demon whip of venom
Armour
 e - a +9 crystal plate armour (worn)
 k - a +1 hat of see invisible (worn)
 G - a +0 pair of boots (worn)
 I - a +1 cloak of magic resistance (worn)
 K - the +0 cloak of the Louse {*Contam +Inv rElec rF+}
   (You found it on level 3 of the Shoals)

   It protects you from fire.
   It insulates you from electricity.
   It lets you turn invisible.
   It causes magical contamination when unequipped.
 M - a +0 large shield (worn)
 P - the +0 pair of gloves of Xeqe (worn) {rF+ Dex+8}
   (You bought it in a shop on level 15 of the Dungeon)

   It affects your dexterity (+8).
   It protects you from fire.
 X - the +1 cloak of Goodbye, My Love {rPois Str+2}
   (You found it on level 6 of the Lair of Beasts)

   It affects your strength (+2).
   It protects you from poison.
Rods
 l - a +3 rod of ignition (13/13)
   (You took it off a deep elf demonologist on level 3 of the Elven Halls)
Jewellery
 a - the ring of the Hundredfold Songs (right hand) {rN+ Str+2 Int-2 Dex+5 Slay+5}
   (You bought it in a shop in a bazaar)

   [ring of dexterity]

   It affects your strength (+2).
   It affects your intelligence (-2).
   It affects your dexterity (+5).
   It affects your accuracy and damage with ranged weapons and melee attacks
   (+5).
   It protects you from negative energy.
 d - the amulet "Kesky" (around neck) {Harm *Drain rElec rF- rC+++ Str+2}
   (You bought it in a shop on level 15 of the Dungeon)

   [amulet of harm]

   It increases damage dealt and taken.
   It affects your strength (+2).
   It makes you vulnerable to fire.
   It renders you almost immune to cold.
   It insulates you from electricity.
   It causes draining when unequipped.
 h - a +5 amulet of reflection
 m - a +4 ring of evasion
 n - an uncursed ring of see invisible {unknown}
 B - a +4 ring of evasion (left hand)
 C - an uncursed amulet of regeneration
Wands
 c - a wand of hasting (3/9)
 g - a wand of flame (28/48)
 y - a wand of digging (7/24)
 D - a wand of confusion (17/48)
 F - a wand of digging (9/24)
 N - a wand of paralysis (15/24)
 S - a wand of iceblast (5/15)
 Y - a wand of polymorph (19/24)
Scrolls
 p - 6 scrolls of teleportation
 t - 8 scrolls of magic mapping
 w - 4 scrolls of remove curse
 Q - 12 scrolls of identify
 R - 4 scrolls of recharging
 U - 2 scrolls of fog
 V - 2 scrolls of fear
Potions
 j - 4 potions of might
 u - 8 potions of brilliance
 v - 3 potions of agility
 x - 4 potions of haste
 H - 2 potions of cure mutation
 W - a potion of berserk rage
 Z - 3 potions of resistance
Books
 r - a manual of Spellcasting Trog disapproves of the use of such an item.
Miscellaneous
 f - a lamp of fire
Comestibles
 i - 19 bread rations
 s - 17 meat rations


   Skills:
 * Level 19.3 Fighting
 - Level 16.3 Maces & Flails
 + Level 16.7 Armour
 + Level 8.8 Dodging
 - Level 1.6 Stealth
 - Level 19.7 Shields
 - Level 1.5 Evocations


You had 19 spell levels left.
You didn't know any spells.

Dungeon Overview and Level Annotations

Branches:
Dungeon (15/15)            Temple (1/1) D:7            Lair (6/6) D:10
 Shoals (4/4) Lair:3        Snake (4/4) Lair:4        Slime (0/5) Lair:6
    Orc (2/2) D:12            Elf (3/3) Orc:2        Vaults (0/5) D:14
 Depths (0/5) D:15

Altars:
Ashenzari
Cheibriados
Dithmenos
Elyvilon
Fedhas
Gozag
Hepliaklqana
Kikubaaqudgha
Makhleb
Nemelex Xobeh
Okawaru
Qazlal
Ru
Sif Muna
Trog
Uskayaw
Vehumet
Xom
Yredelemnul
Zin
The Shining One

Shops:
D:6 :   D:10 }   D:11 (   D:15 *   Orc:2 **=**   Elf:2 }   Elf:3 *?*%
Shoals:2 =

Annotations:
D:9 1 runed door


Innate Abilities, Weirdness & Mutations

You are resistant to torment.
Your stone body is resilient. (AC +15)
You are immune to poison.
Your large and strong wings let you fly indefinitely.
You resist negative energy. (rN+)
You are resistant to electric shocks. (rElec)
You can survive without breathing.
You are immune to petrification.
You are immune to rotting.
You are partially covered in yellow scales. (AC +2)
You have supernaturally acute eyesight. (SInv)
You possess an exceptional clarity of mind.
Armour fits poorly on your strangely shaped body.
You are dopey. (Int -2)
Your flesh is heat resistant. (rF+)
You are somewhat resistant to both further mutation and mutation removal.
You are weak. (Str -2)
[You are clumsy. (Dex -2)]
[You are extremely frail. (-30% HP)]
[You sometimes yell uncontrollably at your foes.]
[Potions and wands are less effective at restoring your health.]
[Your spells are easier to cast, but less powerful.]
[You expend magic power (3 MP) to strengthen your wands.]


Message History

You block the merfolk impaler's attack.
The lightning spire shoots out a bolt of lightning at you!
The bolt of electricity hits the blizzard demon.
The blizzard demon completely resists.
The bolt of electricity misses you.
The bolt of electricity misses the thrashing horror.
You block the raiju's attack.
The lightning spire shoots out a bolt of lightning at you!
The bolt of electricity hits the blizzard demon.
The blizzard demon completely resists.
The bolt of electricity hits you!
The bolt of electricity hits the raiju.
The raiju completely resists.
The blizzard demon shouts!
The raiju barks!
The blizzard demon shouts!
The thrashing horror completely misses you.
You block the thrashing horror's attack.
The blizzard demon is engulfed in a cloud of scalding steam.
The thrashing horror misses you.
You block the thrashing horror's attack.
The blizzard demon is engulfed in a cloud of scalding steam.
The blizzard demon gestures at you. The bolt of lightning hits you! You resist.
You die...

.# #.. .. .. #.# .#
#..# # ####.# #....
#...# ... #..# #
####.#####..###.)#
##≈≈≈8≈8≈≈@#...###...
.#.≈≈≈.3.§22X....#....
#∩.8..≈≈≈hm8h.......
.. ≈≈≈.≈.≈§≈.....#...
#..≈≈≈8≈8≈≈≈#...## .
..###...#...##.## . #
#.............
#...............
##........##..##.


You could see a merfolk impaler, 2 blizzard demons, a thrashing horror, a smoke
demon, 2 raiju and 5 lightning spires.

Vanquished Creatures
  2 deep elf blademasters (Elf:3)
  2 krakens
  2 deep elf master archers (Elf:3)
  The ghost of Iwannabefree the Severer, an adept HEBe of Trog (Shoals:1)
  An Executioner (Abyss:2)
  A storm dragon (shapeshifter) (D:14)
  The ghost of markt42 the Shatterer, an adept GrFi of Okawaru (D:14)
  Ilsuiw (Shoals:4)
  8 nagarajas
  Aizul (Snake:2)
  A fire giant (D:15)
  6 deep elf sorcerers (Elf:3)
  An orc warlord (Orc:2)
  6 deep elf elementalists (Elf:3)
  8 large abominations
  4 deep elf demonologists
  2 deep elf annihilators (Elf:3)
  3 deep elf death magi (Elf:3)
  Snorg (Orc:1)
  12 merfolk impalers
  2 green deaths (Snake:2)
  8 merfolk javelineers
  A fire dragon (D:15)
  The ghost of N00B the Fencer, a journeyman HEBe of Trog (Lair:4)
  A minotaur (Lab)
  Fannar (Lair:2)
  9 hydras
  14 naga warriors
  Harold (Lair:4)
  A deep elf high priest (Elf:3)
  A rakshasa (Abyss:3)
  A catoblepas (D:15)
  2 anacondas
  3 merfolk avatars
  A death knight (D:14)
  2 ogre magi (D:15)
  4 centaur warriors
  Erica (Lair:1)
  21 dancing weapons
  6 death yaks (Lair:6)
  A merfolk aquamancer (Shoals:3)
  A satyr (Shoals:4)
  15 naga sharpshooters
  A tengu warrior (Shoals:3)
  3 thrashing horrors (Abyss:3)
  8 shock serpents
  15 deep elf knights
  6 wretched stars
  The ghost of Paps the Basher, a novice GrFi of Okawaru (D:7)
  2 sixfirhies (Abyss:3)
  A deep troll (D:15)
  2 unseen horrors
  9 naga ritualists
  15 sea snakes
  A golden dragon skeleton (Abyss:3)
  6 harpies
  6 deep elf archers
  7 hill giants
  49 deep elf magi
  3 orc knights
  A wolf spider zombie (D:15)
  7 ugly things
  6 mana vipers
  4 cyclopes
  An orc sorcerer (Orc:2)
  17 fauns
  9 manticores
  23 naga magi
  6 salamanders
  4 elephants (Lair:6)
  3 guardian serpents
  Maurice (D:9)
  A black mamba (shapeshifter) (D:15)
  2 water nymphs
  11 sirens
  A rust devil (Abyss:3)
  Joseph (D:7)
  An orange demon (Abyss:2)
  A spiny frog (shapeshifter) (D:14)
  4 smoke demons (Abyss:3)
  18 black mambas
  A gargoyle (D:15)
  13 spiny frogs
  3 efreet
  7 komodo dragons
  5 yaktaurs (D:15)
  6 rime drakes
  3 freezing wraiths
  A tengu conjurer (Shoals:3)
  2 queen bees
  11 trolls
  2 ancient zymes (Abyss:3)
  A jumping spider (shapeshifter) (D:14)
  A two-headed ogre (shapeshifter) (D:11)
  21 merfolk
  3 meliai (Lair:5)
  7 wind drakes
  6 polar bears
  2 two-headed ogres (D:15)
  17 blink frogs
  A wolf spider simulacrum (D:14)
  Grinder (D:4)
  4 dream sheep (Shoals:3)
  3 hornets (Lair:6)
  16 hippogriffs
  11 raiju
  13 snapping turtles
  2 air elementals
  3 flying skulls (Abyss:3)
  A centaur simulacrum (D:14)
  A yak (shapeshifter) (Elf:1)
  A shadow (D:13)
  9 water elementals
  4 ynoxinuls
  5 wyverns
  2 wraiths (D:15)
  12 yaks
  A basilisk (Lair:2)
  4 hungry ghosts
  6 vampire mosquitoes (D:14)
  Grum (Lair:1)
  4 chaos spawn (Abyss:3)
  A steam dragon (D:9)
  5 mottled dragons
  A neqoxec (Abyss:3)
  69 nagas
  A warg (Orc:2)
  2 hell hounds (D:10)
  16 water moccasins
  4 porcupines
  5 ice beasts
  32 orc warriors
  2 phantoms
  A black bear (D:6)
  4 sky beasts
  An eye of draining (D:8)
  20 ogres
  24 centaurs
  4 wolves (Lair:1)
  10 crocodiles
  A big kobold (D:12)
  18 bullfrogs
  3 gnoll sergeants (D:12)
  Blork the orc (D:4)
  An earth elemental (Elf:2)
  28 killer bees
  16 scorpions
  11 wights
  An electric eel (D:8)
  5 howler monkeys
  5 crimson imps
  2 starcursed masses (Abyss:3)
  Crazy Yiuf (D:4)
  A bullfrog zombie (D:10)
  8 centaur zombies
  A quasit (Abyss:2)
  5 small abominations
  7 centaur skeletons
  2 human zombies (Ossuary)
  4 hounds
  3 jellies
  A gnoll shaman (D:7)
  7 orc priests
  5 bullfrog skeletons
  5 iguanas
  5 orc wizards
  8 worker ants
  2 big kobold zombies (Ossuary)
  2 hound zombies
  2 hound skeletons
  3 mummies (Ossuary)
  A howler monkey zombie (D:10)
  2 worker ant zombies
  12 gnolls
  A scorpion zombie (Ossuary)
  18 adders
  A river rat (D:3)
  2 shadow imps
  2 white imps
  An ufetubus (Abyss:3)
  9 oozes
  2 adder zombies
  An adder skeleton (D:8)
  7 worms
  2 dart slugs (D:1)
  7 leopard geckos
  56 orcs
  5 giant cockroaches
  4 gnoll zombies (Ossuary)
  11 goblins
  9 hobgoblins
  9 jackals
  8 kobolds
  6 quokkas
  6 ball pythons
  15 bats
  8 frilled lizards
  3 goblin zombies (Ossuary)
  A hobgoblin zombie (Ossuary)
  A kobold zombie (Ossuary)
  A leopard gecko skeleton (D:5)
  2 orc zombies (Ossuary)
  2 quokka skeletons (D:4)
  8 rats
  A plant (Elf:2)
1226 creatures vanquished.

Vanquished Creatures (collateral kills)
  A tentacled starspawn (Abyss:3)
  A spatial maelstrom (Abyss:3)
  2 large abominations (Abyss:3)
  An efreet (Abyss:3)
  3 starcursed masses (Abyss:3)
8 creatures vanquished.

Vanquished Creatures (others)
  Donald (Elf:2)
  2 yaks (Lair:6)
  2 orcs
  3 fungi
  9 plants
  5 starspawn tentacles (Abyss:3)
  11 tentacles
33 creatures vanquished.

Grand Total: 1267 creatures vanquished

Notes
Turn   | Place    | Note
-------+----------+-------------------------------------------
     0 | D:1      | theAP the Gargoyle Berserker began the quest for the Orb.
     0 | D:1      | Reached XP level 1. HP: 14/14 MP: 1/1
   204 | D:1      | Reached XP level 2. HP: 19/19 MP: 2/2
   581 | D:1      | Reached ** piety under Trog
   862 | D:1      | Reached XP level 3. HP: 24/24 MP: 3/3
  1546 | D:2      | Reached XP level 4. HP: 29/29 MP: 4/4
  1621 | D:2      | Found a shadowy altar of Dithmenos.
  2096 | D:3      | Found an ancient bone altar of Kikubaaqudgha.
  2165 | D:3      | Reached *** piety under Trog
  2268 | D:3      | Reached XP level 5. HP: 29/33 MP: 5/5
  2289 | D:3      | Reached skill level 1 in Shields
  2319 | D:3      | Found a glowing drain.
  2325 | Sewer    | Entered a sewer
  3206 | D:3      | Reached skill level 5 in Maces & Flails
  3206 | D:3      | Reached XP level 6. HP: 39/39 MP: 6/6
  3586 | D:4      | Received a gift from Trog
  3645 | D:4      | Reached **** piety under Trog
  3712 | D:4      | Found a runed door.
  3716 | D:4      | Noticed Crazy Yiuf
  3726 | D:4      | Killed Crazy Yiuf
  3909 | D:4      | Found a radiant altar of Vehumet.
  3992 | D:4      | Noticed Grinder
  3994 | D:4      | Paralysed by something for 2 turns
  4014 | D:4      | Killed Grinder
  4014 | D:4      | Reached XP level 7. HP: 44/44 MP: 7/7
  4180 | D:4      | Noticed Blork the orc
  4193 | D:4      | Killed Blork the orc
  4590 | D:5      | Entered Level 5 of the Dungeon
  4600 | D:5      | Reached skill level 5 in Fighting
  4820 | D:5      | Reached XP level 8. HP: 49/49 MP: 8/8
  5965 | D:6      | Found Xeotib's Book Shop.
  6159 | D:6      | Found a snail-covered altar of Cheibriados.
  6212 | D:6      | Found a bloodstained altar of Trog.
  6667 | D:6      | Reached skill level 5 in Armour
  6667 | D:6      | Reached XP level 9. HP: 53/55 MP: 9/9
  6701 | D:7      | Reached skill level 5 in Shields
  6772 | D:7      | Noticed Joseph
  6793 | D:7      | Killed Joseph
  7004 | D:7      | Found a blossoming altar of Fedhas.
  7005 | D:7      | Noticed Paps's ghost (novice GrFi)
  7030 | D:7      | Killed Paps's ghost
  7030 | D:7      | Reached skill level 10 in Maces & Flails
  7030 | D:7      | Reached XP level 10. HP: 61/61 MP: 10/10
  7228 | D:7      | Found a sparkling altar of Nemelex Xobeh.
  7259 | D:7      | Found a staircase to the Ecumenical Temple.
  7550 | Temple   | Entered the Ecumenical Temple
  7852 | D:8      | Got a faintly glowing whip
  7858 | D:8      | Identified the cursed +1 whip of Komeynax {elec, Str+7} (You found it on level 8 of the Dungeon)
  8048 | D:8      | Reached ***** piety under Trog
  8076 | D:8      | Found a sand-covered staircase.
  8104 | Ossuary  | Entered an ossuary
  8381 | Ossuary  | Received a gift from Trog
  8491 | Ossuary  | Gained mutation: You are partially covered in yellow scales. (AC +2) [potion of beneficial mutation]
  9091 | D:8      | Gained mutation: You are somewhat resistant to further mutation. [potion of mutation]
  9270 | D:9      | Found a white marble altar of Elyvilon.
  9271 | D:9      | Found a burning altar of Makhleb.
  9272 | D:9      | Found a glowing silver altar of Zin.
  9301 | D:9      | Reached XP level 11. HP: 68/68 MP: 11/11
  9356 | D:9      | Found a runed door.
  9357 | D:9      | Found a glowing silver altar of Zin.
  9357 | D:9      | Noticed an angel
  9393 | D:9      | Reached skill level 1 in Evocations
  9468 | D:9      | Noticed Maurice
  9493 | D:9      | Killed Maurice
  9576 | D:9      | Found a hazy altar of Hepliaklqana.
  9577 | D:9      | Found an iron altar of Okawaru.
  9664 | D:9      | Received a gift from Trog
  9742 | D:9      | Gained mutation: You possess an exceptional clarity of mind. [mutagenic meat]
  9965 | D:10     | Entered Level 10 of the Dungeon
  9980 | D:10     | Found a staircase to the Lair.
 10080 | D:10     | Found Honau's Gadget Emporium.
 10144 | D:10     | Noticed a hill giant
 10148 | D:10     | Noticed a deep elf mage
 10186 | D:10     | Killed a hill giant
 10186 | D:10     | Reached skill level 10 in Shields
 10280 | D:10     | Killed a deep elf mage
 10667 | D:10     | Noticed a hill giant
 10678 | D:10     | Killed a hill giant
 10819 | Lair:1   | Entered Level 1 of the Lair of Beasts
 10911 | Lair:1   | Noticed Grum
 10938 | Lair:1   | Killed Grum
 11187 | Lair:1   | Noticed a four-headed hydra
 11188 | Lair:1   | Noticed Erica
 11199 | Lair:1   | Killed a four-headed hydra
 11199 | Lair:1   | Reached XP level 12. HP: 52/75 MP: 12/12
 11218 | Lair:1   | Killed Erica
 11831 | Lair:2   | Noticed Fannar
 11861 | Lair:2   | Killed Fannar
 11950 | Lair:2   | Received a gift from Trog
 12818 | Lair:3   | Found a staircase to the Shoals.
 13080 | Lair:3   | Noticed a seven-headed hydra
 13090 | Lair:3   | Killed a seven-headed hydra
 13728 | Lair:4   | Noticed Harold
 13753 | Lair:4   | Killed Harold
 13942 | Lair:4   | Noticed N00B's ghost (journeyman HEBe)
 13976 | Lair:4   | Killed N00B's ghost
 13976 | Lair:4   | Reached XP level 13. HP: 77/80 MP: 13/13
 14370 | Lair:4   | Found a staircase to the Snake Pit.
 15241 | Lair:5   | Reached skill level 15 in Shields
 15798 | Lair:5   | Reached skill level 10 in Armour
 16135 | Lair:6   | Entered Level 6 of the Lair of Beasts
 16221 | Lair:6   | Got a heavily jewelled robe
 16223 | Lair:6   | Identified the cursed +1 robe of Icriacvy {rPois Regen+} (You found it on level 6 of the Lair of Beasts)
 16669 | Lair:6   | Received a gift from Trog
 16705 | Lair:6   | Gained mutation: Your large and strong wings let you fly indefinitely. [Gargoyle growth]
 16705 | Lair:6   | Reached XP level 14. HP: 87/87 MP: 14/14
 16836 | Lair:6   | Found a staircase to the Slime Pits.
 17237 | Lair:6   | Reached skill level 10 in Fighting
 17246 | Lair:6   | Got a distressingly furry cloak
 17247 | Lair:6   | Identified the +1 cloak of Goodbye, My Love {rPois Str+2} (You found it on level 6 of the Lair of Beasts)
 18195 | Snake:1  | Entered Level 1 of the Snake Pit
 18320 | Snake:1  | Received a gift from Trog
 18795 | D:11     | Found a labyrinth entrance.
 18804 | Lab      | Entered a labyrinth
 19360 | Lab      | Got a shimmering chain mail
 19366 | Lab      | Identified the +5 chain mail "Ishob" {rElec Int+4 Slay+3} (You took it off a minotaur in a labyrinth)
 19373 | Lab      | Identified the Volume of the Oath
 19374 | Lab      | Got an ichor-stained scale mail
 19374 | Lab      | Got a smoking steel ring
 19377 | Lab      | Received a gift from Trog
 19405 | Lab      | Identified the cursed +1 scale mail "Zuveiter" {rN+ Regen+} (You found it in a labyrinth)
 19421 | Lab      | Identified the ring of Xapp {MP+9 Stlth+} (You found it in a labyrinth)
 19717 | D:11     | Found Ruroc's Weapon Shop.
 19720 | D:11     | Bought a cursed -3 great mace for 1 gold piece
 19868 | D:11     | Gained mutation: You have supernaturally acute eyesight. (SInv) [mutagenic meat]
 19870 | D:11     | Lost mutation: You possess an exceptional clarity of mind. [mutagenic meat]
 20706 | D:12     | Gained mutation: Your flesh is heat resistant. (rF+) [mutagenic meat]
 20889 | D:12     | Found a staircase to the Orcish Mines.
 21681 | D:13     | Reached XP level 15. HP: 93/93 MP: 15/15
 21805 | D:13     | Received a gift from Trog
 21808 | D:13     | Got a scorched demon whip {god gift}
 21809 | D:13     | Identified the +12 demon whip "Ysovyith" {venom, rF+ Int+3} (Trog gifted it to you on level 13 of the Dungeon)
 21889 | D:14     | Noticed markt42's ghost (adept GrFi)
 21961 | D:14     | Killed markt42's ghost
 22156 | D:14     | Gained mutation: You are dopey. (Int -2) [mutagenic meat]
 22329 | D:14     | Gained mutation: You possess an exceptional clarity of mind. [mutagenic meat]
 22330 | D:14     | Gained mutation: You are somewhat resistant to both further mutation and mutation removal. [mutagenic meat]
 22369 | D:14     | Found a gate to the Vaults.
 22607 | D:14     | Noticed a storm dragon
 22625 | D:14     | Killed a storm dragon
 22729 | D:15     | Entered Level 15 of the Dungeon
 22815 | D:15     | Found Bievos's Assorted Antiques.
 22823 | D:15     | Bought a pair of crude gloves for 294 gold pieces
 22834 | D:15     | Identified the +0 pair of gloves of Xeqe {rF+ Dex+8} (You bought it in a shop on level 15 of the Dungeon)
 22836 | D:15     | Bought a slimy iron amulet for 155 gold pieces
 22837 | D:15     | Identified the amulet "Kesky" {Harm *Drain rElec rF- rC+++ Str+2} (You bought it in a shop on level 15 of the Dungeon)
 23008 | D:15     | Reached ****** piety under Trog
 23369 | D:15     | Gained mutation: [You are frail. (-10% HP)] [mutagenic meat]
 23442 | D:15     | Received a gift from Trog
 23531 | D:15     | Noticed a fire giant
 23561 | D:15     | Reached skill level 1 in Stealth
 23659 | D:15     | Found a staircase to the Depths.
 23685 | D:15     | Killed a fire giant
 24466 | Snake:1  | Reached XP level 16. HP: 90/90 MP: 17/17
 25493 | Snake:2  | Noticed Aizul
 25512 | Snake:2  | Killed Aizul
 25621 | Snake:2  | Found a runed door.
 25676 | Snake:2  | Received a gift from Trog
 25790 | Snake:2  | Identified a scroll of acquirement
 25802 | Snake:2  | Got transparent fire dragon scales
 25813 | Snake:2  | Identified the +1 fire dragon scales of Synchronized Stabbing {rPois rF++ rC- rCorr Str+2} (You acquired it on level 2 of the Snake Pit)
 26702 | Snake:1  | Reached skill level 15 in Maces & Flails
 26955 | Snake:4  | Entered Level 4 of the Snake Pit
 27326 | Snake:3  | Received a gift from Trog
 27619 | Snake:3  | Noticed a nagaraja
 27626 | Snake:3  | Killed a nagaraja
 27665 | Snake:3  | Found a gateway to a bazaar.
 27710 | Bazaar   | Entered a bazaar
 27710 | Bazaar   | Found Mocvudet's Jewellery Emporium.
 27721 | Bazaar   | Found Jaro's Antique Weapon Emporium.
 27732 | Bazaar   | Found Muiteisu's Antique Armour Emporium.
 27754 | Bazaar   | Found Hiuc's Food Shoppe.
 27835 | Bazaar   | Bought the ring of the Hundredfold Songs {rN+ Str+2 Int-2 Dex+5 Slay+5} for 1027 gold pieces
 27859 | Bazaar   | Bought a glowing helmet for 294 gold pieces
 28214 | Snake:4  | Reached XP level 17. HP: 98/98 MP: 18/18
 28691 | Snake:4  | Received a gift from Trog
 28959 | Snake:4  | Got a serpentine rune of Zot
 29348 | Shoals:1 | Entered Level 1 of the Shoals
 29609 | Shoals:1 | Noticed Iwannabefree's ghost (adept HEBe)
 29623 | Shoals:1 | Killed Iwannabefree's ghost
 30375 | Shoals:2 | Reached XP level 18. HP: 52/106 MP: 19/19
 30387 | Shoals:2 | Reached skill level 15 in Fighting
 30650 | Shoals:2 | Found Muocvuc's Jewellery Shoppe.
 30910 | Shoals:2 | Received a gift from Trog
 31040 | Shoals:2 | Got a pair of spiked gloves
 31051 | Shoals:2 | Identified the +0 pair of gloves of the Gloaming {Slay+2} (You acquired it on level 2 of the Shoals)
 31411 | Shoals:3 | Got a translucent cloak
 31422 | Shoals:3 | Identified the +0 cloak of the Louse {*Contam +Inv rElec rF+} (You found it on level 3 of the Shoals)
 31446 | Shoals:3 | Gained mutation: You are weak. (Str -2) [mutagenic glow]
 31921 | Shoals:4 | Entered Level 4 of the Shoals
 31972 | Shoals:4 | Noticed Ilsuiw
 32038 | Shoals:4 | Killed Ilsuiw
 32038 | Shoals:4 | Reached skill level 5 in Dodging
 32321 | Shoals:4 | Got a barnacled rune of Zot
 32490 | Shoals:4 | Received a gift from Trog
 33500 | Orc:1    | Entered Level 1 of the Orcish Mines
 33500 | Orc:1    | Noticed Snorg
 33510 | Orc:1    | Killed Snorg
 33863 | Orc:2    | Entered Level 2 of the Orcish Mines
 33940 | Orc:2    | Found a staircase to the Elven Halls.
 34121 | Orc:2    | Received a gift from Trog
 34124 | Orc:2    | Got an ancient morningstar {god gift}
 34125 | Orc:2    | Identified the +6 morningstar of the Grave {crush, Dex+6} (Trog gifted it to you on level 2 of the Orcish Mines)
 34181 | Orc:2    | Found Vetsupn's General Store.
 34192 | Orc:2    | Bought a scroll of enchant weapon for 82 gold pieces
 34192 | Orc:2    | Bought a scroll of enchant weapon for 82 gold pieces
 34309 | Orc:2    | Found Igyeghig's Jewellery Emporium.
 34309 | Orc:2    | Found Ruimumad's Assorted Antiques.
 34309 | Orc:2    | Found Uzxuabue's Assorted Antiques.
 34314 | Orc:2    | Found Pinok's Assorted Antiques.
 34325 | Orc:2    | Bought 2 sapphire potions for 45 gold pieces
 34556 | Orc:2    | Reached skill level 15 in Armour
 34590 | Elf:1    | Entered Level 1 of the Elven Halls
 34807 | Elf:1    | Found an ancient bone altar of Kikubaaqudgha.
 34903 | Elf:1    | Reached XP level 19. HP: 113/114 MP: 20/20
 34932 | Elf:1    | Noticed a Tzitzimitl
 35497 | Elf:2    | Found Duppele's Gadget Shop.
 35657 | Elf:2    | Found a huge runed gate.
 35657 | Elf:2    | Found a huge runed gate.
 35657 | Elf:2    | Found a huge runed gate.
 35755 | Elf:2    | Noticed Donald
 35765 | Elf:2    | Received a gift from Trog
 35781 | Elf:2    | Killed Donald
 35829 | Elf:2    | Got an ancient flail {god gift}
 35834 | Elf:2    | Identified the +7 flail of the Vine {freeze, rC+ MR+} (Trog gifted it to you on level 2 of the Elven Halls)
 36371 | Elf:3    | Entered Level 3 of the Elven Halls
 36637 | Elf:3    | Found Labas's Magic Scroll Shoppe.
 36640 | Elf:3    | Found Ynejuliq's Food Emporium.
 36640 | Elf:3    | Found Yshreunij's General Store.
 36644 | Elf:3    | Found Mijyg's General Store.
 36813 | Elf:3    | Received a gift from Trog
 37383 | Elf:3    | Gained mutation: Armour fits poorly on your strangely shaped body. [potion of mutation]
 37457 | Elf:3    | Noticed a Hell Sentinel
 37839 | Elf:3    | Received a gift from Trog
 37862 | Elf:3    | Reached XP level 20. HP: 80/123 MP: 21/21
 38199 | Elf:3    | Cast into level 2 of the Abyss (a deep elf sorcerer)
 38787 | Abyss:3  | Paralysed by accursed screaming for 1 turns
 38789 | Abyss:3  | Paralysed by accursed screaming for 1 turns
 38906 | Abyss:3  | Paralysed by accursed screaming for 1 turns
 38907 | Abyss:3  | HP: 4/125 [starcursed mass/accursed screaming (9)]
 39014 | Abyss:3  | Received a gift from Trog
 39155 | Abyss:3  | Got an abyssal rune of Zot
 39161 | Abyss:3  | Killed from afar by a blizzard demon

Skill      XL: |  1  2  3  4  5  6  7  8  9 10 11 12 13 14 15 16 17 18 19 20 |
---------------+-------------------------------------------------------------+-----
Fighting       | 4 5 6 7 8 9 10 12 13 14 16 18 19 | 19.3
Maces & Flails | 4 5 6 7 8 10 11 12 13 14 15 16 | 16.3
Shields        | 2 3 4 6 8 11 14 16 18 19 | 19.7
Armour         | 3 4 5 6 7 9 10 11 12 13 15 16 | 16.7
Evocations     | 1 |  1.5
Stealth        | 1 |  1.6
Dodging        | 3 6 8 |  8.8

Action                   |  1- 3 |  4- 6 |  7- 9 | 10-12 | 13-15 | 16-18 | 19-21 || total
-------------------------+-------+-------+-------+-------+-------+-------+-------++-------
Melee: Mace              |   113 |       |       |       |       |       |       ||   113
       Flail             |    36 |   355 |   316 |    99 |       |       |       ||   806
       Whip              |       |       |       |  1126 |  1586 |       |       ||  2712
       Demon whip        |       |       |       |       |   406 |  1351 |   654 ||  2411
Invok: Burn Spellbooks   |       |     1 |       |     2 |     4 |     2 |     1 ||    10
       Berserk           |       |     3 |     3 |     6 |     7 |     1 |       ||    20
       Trog's Hand       |       |       |       |       |       |       |     4 ||     4
       Brothers in Arms  |       |       |       |       |       |       |     1 ||     1
 Abil: Fly               |       |       |       |       |     1 |     1 |       ||     2
       Stop Flying       |       |       |       |       |     1 |       |       ||     1
Evoke: Wand              |       |       |     4 |     2 |    10 |       |       ||    16
  Use: Scroll            |     6 |     6 |     4 |    18 |    21 |    22 |    10 ||    87
       Potion            |       |     1 |     7 |     3 |     6 |     5 |    14 ||    36
 Stab: Petrified         |       |       |       |       |     3 |       |       ||     3
  Eat: Chunk             |     2 |     6 |     8 |    24 |    30 |     5 |     4 ||    79
       Meat ration       |       |     1 |     2 |       |       |     3 |     1 ||     7
       Fruit             |       |       |     1 |     3 |    10 |     2 |     1 ||    17
       Bread ration      |       |       |     1 |       |       |     1 |     1 ||     3
       Beef jerky        |       |       |       |     2 |       |       |       ||     2
       Royal jelly       |       |       |       |     2 |     8 |     5 |       ||    15
       Pizza             |       |       |       |       |     1 |     2 |     1 ||     4
Armor: Crystal plate arm |   182 |   432 |   223 |   339 |   594 |   438 |   187 ||  2395
       Animal skin       |     3 |       |       |       |       |       |       ||     3
       Chain mail        |       |       |       |       |       |     4 |       ||     4
Dodge: Dodged            |    27 |    19 |    81 |   245 |   453 |   313 |   167 ||  1305
Block: Shield            |       |   179 |   161 |   149 |       |       |       ||   489
       Large shield      |       |       |       |   622 |  1840 |  1498 |   607 ||  4567
